 Dungeon Crawl Stone Soup version 0.28.0-53-g5a82cb258f (webtiles) character file.

Game seed: 474488521405645725

112 Peloso the Covered (level 4, -6/60 HPs)
             Began as a Minotaur Fighter on May 22, 2022.
             Mangled by Crazy Yiuf
             ... wielding a +4 quarterstaff of chaos
              (8 damage)
             ... on level 3 of the Dungeon.
             The game lasted 00:04:21 (3162 turns).

Peloso the Covered (Minotaur Fighter)               Turns: 3162, Time: 00:04:21

Health: -6/60      AC: 12    Str: 21    XL:     4   Next: 63%
Magic:  3/3        EV:  6    Int:  5    God:
Gold:   144        SH:  8    Dex: 11    Spells: 3/3 levels left

rFire   . . .      SeeInvis .   a - +0 long sword
rCold   . . .      Faith    .   i - +0 kite shield {AC+3}
rNeg    . . .      Spirit   .   m - +0 chain mail
rPois   .          Reflect  .   (helmet restricted)
rElec   .          Harm     .   (no cloak)
rCorr   .          Rampage  .   (no gloves)
Will    .....                   (no boots)
Stlth   ..........              (no amulet)
HPRegen 0.20/turn               (no ring)
MPRegen 0.08/turn               (no ring)

@: berserking, hasted, very quick
A: horns 2, retaliatory headbutt
a: no special abilities


You were on level 3 of the Dungeon.
You visited 1 branch of the dungeon, and saw 3 of its levels.

You collected 144 gold pieces.

Inventory:

Hand Weapons
 a - a +0 long sword (weapon)
Armour
 b - a +0 scale mail
 c - a +0 buckler
 i - a +0 kite shield of protection (worn)
 m - a +0 chain mail (worn)
Wands
 l - a wand of iceblast (11)
Scrolls
 f - a scroll of teleportation
 g - 4 scrolls of summoning
 k - a scroll of fear {unknown}
Potions
 d - a potion of might
 e - a potion of mutation {unknown}


   Skills:
 + Level 4.2 Fighting
 + Level 4.2 Long Blades
 + Level 4.6 Armour
 + Level 4.2 Shields


You had 3 spell levels left.
You didn't know any spells.
Your spell library contained the following spells:

 Spells                   Type           Power      Damage    Failure   Level
 Confusing Touch          Hex            0%         N/A       100%        3
 Yara's Violent Unravell  Hex/Tmut       0%         3d3       100%        5
 Enfeeble                 Hex            0%         N/A       100%        7


Dungeon Overview and Level Annotations

Branches:
Dungeon (3/15)

Altars:
Fedhas
Qazlal

Shops:
D:2 (*(((

Annotations:
D:3 3 runed translucent doors, Crazy Yiuf; kalagan's ghost, amateur GrFi


Innate Abilities, Weirdness & Mutations

You have a pair of horns on your head.
You reflexively headbutt those who attack you in melee.


Message History

You block Crazy Yiuf's attack.
Crazy Yiuf hits you with a +4 quarterstaff of chaos.
You are poisoned.
You hit Crazy Yiuf but do no damage. You headbutt Crazy Yiuf.
Crazy Yiuf is lightly wounded.
You feel sick.
Crazy Yiuf hits you with a +4 quarterstaff of chaos!
Crazy Yiuf freezes you.
You barely miss Crazy Yiuf. Your headbutt misses Crazy Yiuf.
Crazy Yiuf is lightly wounded.
You feel sick. You block Crazy Yiuf's attack.
You completely miss Crazy Yiuf. You headbutt Crazy Yiuf.
Crazy Yiuf is lightly wounded.
You feel sick.
Crazy Yiuf says, "Hack!"
Crazy Yiuf hits you with a +4 quarterstaff of chaos.
Crazy Yiuf hits you with a +4 quarterstaff of chaos!
You feel yourself speed up.
You closely miss Crazy Yiuf.
Crazy Yiuf is lightly wounded.
You feel sick.
Crazy Yiuf hits you with a +4 quarterstaff of chaos!
* * * LOW HITPOINT WARNING * * *
You barely miss Crazy Yiuf.
Crazy Yiuf is lightly wounded.
You feel sick.
You are no longer poisoned.
Crazy Yiuf says, "Cod!
Race cower mumblescurry."
Crazy Yiuf hits you with a +4 quarterstaff of chaos.
* * * LOW HITPOINT WARNING * * *
A red film seems to cover your vision as you go berserk!
You feel yourself moving faster!
You feel mighty!
Unknown command.
You hit Crazy Yiuf.
Crazy Yiuf is moderately wounded.
You slash Crazy Yiuf!
Crazy Yiuf is severely wounded.
Crazy Yiuf grits, "Proton childish tired!"
Crazy Yiuf hits you with a +4 quarterstaff of chaos!
You die...

#######.##.#.###
##.#.#...#
#.......#..#.#
##.##.##..
#.#####.#.##.#
#..#.#.... #.#
######## #..#####.8
#.# #..##..... #.#
#..##..### #.###♣♣
### #..#..#.##
#...#.♣♣ ♣♣#..)#
#....####.
#......♣♣♣♣@g...#
#..###....
##......♣..♣#...#
#.........
##.#..♣.♣♣♣ ###
##...##### ###♣♣♣♣♣
##'## # #.# # ###
#######.# #
#.####.....#.##
#.............##
######.........####


You could see Crazy Yiuf.

Vanquished Creatures
  Ijyb (D:3)
  Terence (D:2)
  A dart slug (D:1)
  8 orcs (D:3)
  3 bats
  7 endoplasms
  2 giant cockroaches (D:1)
  5 goblins
  3 hobgoblins
  2 quokkas
  7 ball pythons
  8 rats
48 creatures vanquished.

Notes
Turn   | Place    | Note
-------+----------+-------------------------------------------
     0 | D:1      | Peloso the Minotaur Fighter began the quest for the Orb.
     0 | D:1      | Reached XP level 1. HP: 19/19 MP: 0/0
   371 | D:1      | Found a faded altar of an unknown god.
   563 | D:1      | Reached XP level 2. HP: 14/27 MP: 1/1
  1221 | D:2      | Found Boaxavuar's Antique Weapon Shoppe.
  1235 | D:2      | Noticed Terence
  1245 | D:2      | Killed Terence
  1246 | D:2      | Reached XP level 3. HP: 17/33 MP: 2/2
  1392 | D:2      | Found Iwket's Antique Weapon Shop.
  1498 | D:2      | Found Wasoas's Weapon Emporium.
  1518 | D:2      | Found Inotiwk's Weapon Shoppe.
  1583 | D:2      | Found Inguesif's Assorted Antiques.
  2057 | D:3      | Found a runed translucent gate.
  2057 | D:3      | Found a runed translucent gate.
  2058 | D:3      | Found a runed translucent gate.
  2060 | D:3      | Noticed kalagan's ghost (amateur GrFi)
  2314 | D:3      | Reached XP level 4. HP: 34/40 MP: 3/3
  2391 | D:3      | Noticed Ijyb
  2399 | D:3      | Killed Ijyb
  2470 | D:3      | Found a stormy altar of Qazlal.
  2478 | D:3      | Found a blossoming altar of Fedhas.
  2923 | D:3      | Found a runed translucent door.
  2924 | D:3      | Noticed Crazy Yiuf
  3160 | D:3      | HP: 1/40 [Crazy Yiuf/+4 quarterstaff of chaos (4)]
  3162 | D:3      | Mangled by Crazy Yiuf

Illustrated notes

Levels and vault maps discovered:
D:1:      roderic_lyre, layout_basic, ebering_ecumenical_altar_rust,
          minmay_worlds_worst_comb
D:2:      layout_basic, serial_shops, shop, nicolae_shop_crystal, shop,
          shop_statue, shop, uniq_terence
D:3:      wander_river, layout_loops_corners,
          grunt_temple_overflow_forces_of_nature, ebering_ghost_rock_garden,
          guppyfry_early_orc_mine, uniq_crazy_yiuf_cottage, uniq_ijyb

Skill      XL: |  1  2  3  4 |
---------------+-------------+-----
Armour         | 4 |  4.6
Shields        | 4 |  4.2
Fighting       | 4 |  4.2
Long Blades    | 3 4 |  4.2

Action                   |  1- 3 |  4- 6 || total
-------------------------+-------+-------++-------
Melee: Long sword        |    94 |    35 ||   129
       Headbutt          |     9 |     7 ||    16
  Use: Scroll            |     2 |     3 ||     5
       Potion            |     1 |       ||     1
Armor: Scale mail        |    35 |       ||    35
       Chain mail        |    16 |     6 ||    22
Dodge: Dodged            |    39 |     6 ||    45
Block: Buckler           |    18 |     3 ||    21
       Kite shield       |       |     2 ||     2
